Map: [ESL] Hecate

Players

trigger - Winner!

  • Race: Protoss Protoss
  • Spawn Location: 7:00

DisReSpeCT

  • Race: Terran Terran
  • Spawn Location: 1:00

Event: ESL SC2 Masters 2023 Winter (Finals)

VOD

Have the link to the VOD?

Description

Time

  • Played on: Dec. 15, 2023, 2:17 p.m.
  • Length: 5:59

All games in this series

Show
View Real Time Build Order
Export as new Build Order

trigger Protoss - Winner!

Build Orders: 1 Gate Expand, Blink Stalkers 

Get SALT Encoding   

  12  0:00  Probe  
  13  0:12  Probe  
  14  0:16  Pylon  
  14  0:24  Probe (Chrono Boost)  
  16  0:36  Gateway, Probe (Chrono Boost)  
  16  0:43  Probe (Chrono Boost)  
  16  0:45  Assimilator  
  17  0:50  Probe  
  18  1:03  Probe  
  19  1:15  Probe  
  20  1:23  Cybernetics Core  
  20  1:31  Nexus  
  20  1:34  Probe  
  21  1:41  Pylon  
  21  1:48  Assimilator, Probe  
  22  1:56  Adept (Chrono Boost)  
  22  2:00  Warp Gate  
  22  2:01  Probe  
  25  2:13  Probe  
  26  2:16  Stalker (Chrono Boost)  
  28  2:25  Probe  
  29  2:32  Twilight Council  
  29  2:40  Probe (Chrono Boost)  
  29  2:43  Probe (Chrono Boost)  
  32  2:52  Gateway, Probe (Chrono Boost)  
  32  2:53  Probe (Chrono Boost)  
  32  2:57  Probe (Chrono Boost)  
  33  3:02  Probe (Chrono Boost)  
  35  3:08  Blink (Chrono Boost)  
  35  3:09  Probe (Chrono Boost)  
  36  3:19  Robotics Facility, Probe (Chrono Boost)  
  38  3:20  Probe (Chrono Boost)  
  38  3:25  Probe x2 (Chrono Boost)  
  39  3:30  Gateway  
  39  3:32  Gateway  
  40  3:36  Pylon  
  40  3:37  Probe  
  40  3:40  Probe  
  42  3:48  Stalker x2  
  46  3:52  Pylon  
  46  3:58  Assimilator, Probe x2  
  48  4:03  Warp Prism (Chrono Boost)  
  50  4:13  Stalker  
  50  4:14  Stalker  
  54  4:17  Probe  
  54  4:21  Pylon  
  54  4:22  Probe  
  56  4:28  Stalker  
  58  4:31  Stalker  
  58  4:36  Stalker  
  62  4:40  Stalker  
  64  4:47  Pylon  
  64  4:55  Observer  
  64  4:58  Stalker x2  
  69  5:03  Nexus  
  69  5:06  Stalker  
  69  5:23  Probe  
  69  5:24  Stalker x3  
  69  5:26  Pylon  
  76  5:33  Probe  
  74  5:37  Probe  
  74  5:42  Stalker  
  74  5:45  Probe (Chrono Boost)  
  74  5:49  Probe (Chrono Boost)  
  76  5:53  Stalker x3  
Show
View Real Time Build Order
Export as new Build Order

DisReSpeCT Terran 

Build Orders:  

Get SALT Encoding   

  12  0:00  SCV  
  13  0:12  SCV  
  14  0:17  Supply Depot  
  14  0:24  SCV  
  15  0:38  SCV  
  15  0:39  Barracks  
  16  0:43  Refinery  
  16  0:50  SCV  
  17  1:02  SCV  
  18  1:15  SCV  
  19  1:26  Marine  
  19  1:27  Orbital Command  
  20  1:47  Command Center  
  20  1:48  Barracks Reactor  
  20  1:54  SCV  
  21  1:58  Supply Depot  
  21  2:06  SCV  
  22  2:10  Factory  
  22  2:18  SCV  
  23  2:24  Marine x2  
  23  2:26  Bunker  
  25  2:33  Refinery  
  25  2:34  SCV  
  26  2:44  Marine x2  
  26  2:46  SCV  
  29  2:55  Starport  
  29  2:58  SCV  
  30  3:03  Marine  
  31  3:08  Orbital Command  
  31  3:10  SCV  
  31  3:12  Supply Depot  
  32  3:16  Marine  
  32  3:18  Widow Mine  
  35  3:21  Marine  
  35  3:23  SCV  
  37  3:31  Medivac  
  37  3:33  Barracks  
  39  3:37  SCV x2  
  41  3:46  Widow Mine  
  43  3:49  SCV  
  43  3:50  Barracks, SCV  
  43  3:54  Marine  
  43  3:55  Marine  
  47  4:01  SCV  
  48  4:06  Supply Depot  
  48  4:08  Starport Tech Lab, Factory Tech Lab  
  48  4:14  Marine x2  
  48  4:15  SCV x2  
  52  4:27  SCV x2, Engineering Bay  
  54  4:35  Marine x2, Marauder  
  58  4:39  SCV x2  
  58  4:41  Starport Reactor, Factory Tech Lab  
  58  4:43  Bunker  
  58  4:45  Refinery  
  60  4:48  Marauder  
  62  4:52  Supply Depot  
  62  4:58  Marine  
  62  5:10  Marine  
  62  5:11  Marauder, SCV x2  
  66  5:19  Marauder, Marine  
  67  5:23  Siege Tank  
  67  5:25  SCV x2  
  70  5:32  Marauder  
  61  5:43  SCV x2  
Tags
 
Add a new tag
Caveats
  • Supply blocks, unpowered buildings, or Contaminate may cause inaccurate times.
  • Supply counts are checked every 10 seconds.